 Dungeon Crawl Stone Soup version 0.18-a0-1426-g3b9a63c (webtiles) character file.

1748 chei the Skirmisher (level 9, -8/81 HPs)
             Began as a Naga Fighter on Feb 27, 2016.
             Was an Initiate of Okawaru.
             Mangled by a yak (10 damage)
             ... on level 7 of the Dungeon.
             The game lasted 00:12:07 (5716 turns).

chei the Skirmisher (Naga Fighter)                  Turns: 5716, Time: 00:12:08

Health: -8/81      AC:  8    Str: 19    XL:     9   Next: 6%
Magic:  9/9        EV: 12    Int: 11    God:    Okawaru [......]
Gold:   126        SH:  9    Dex: 11    Spells: 0 memorised, 8 levels left

rFire  . . .     SeeInvis +     j - +3 short sword (venom)
rCold  . . .     Gourm    .     p - +1 leather armour {rPois}
rNeg   . . .     Faith    .     c - +0 shield
rPois  +         Spirit   .     y - +0 helmet (curse)
rElec  .         Dismiss  .     F - +0 cloak
rCorr  .         Reflect  .     m - +0 pair of gloves
SustAt .         Harm     .     (no barding)
MR     +....                    n - amulet of regeneration
Stlth  ++........               w - +4 ring of evasion
                                l - ring of stealth

@: heavily drained, very slow, somewhat resistant to hostile enchantments,
unstealthy
A: see invisible, deformed body, poison resistance, slowness 2, slow metabolism
1, spit poison 2, subdued magic 1, AC +3
a: Spit Poison, Renounce Religion


You were on level 7 of the Dungeon.
You worshipped Okawaru.
Okawaru was noncommittal.
You were hungry.

You visited 2 branches of the dungeon, and saw 8 of its levels.
You also visited: Sewer.

You collected 219 gold pieces.
You spent 93 gold pieces at shops.

Inventory:

Hand Weapons
 a - a +0 long sword
 j - a +3 short sword of venom (weapon)
Armour
 b - a +0 scale mail
 c - a +0 shield (worn)
 e - a +2 hat
 m - a +0 pair of gloves (worn)
 p - a +1 leather armour of poison resistance (worn)
 y - a cursed +0 helmet (worn)
 F - a +0 cloak (worn)
Jewellery
 l - a ring of stealth (left hand)
 n - an amulet of regeneration (around neck)
 q - a cursed -6 ring of protection {unknown}
 w - a +4 ring of evasion (right hand)
Wands
 v - a wand of flame (25/48)
Scrolls
 i - a scroll of fear
 k - a scroll of recharging
 s - a scroll of teleportation
 t - 3 scrolls of remove curse
Potions
 d - 3 potions of heal wounds
 r - 3 potions of curing
 u - 3 potions of degeneration
 x - a potion of might
 B - a potion of agility {unknown}
 D - 3 potions of flight
 E - a potion of lignification {unknown}
Miscellaneous
 h - a plain deck of wonders
Comestibles
 f - 4 bread rations
 g - 5 meat rations
 o - a slice of pizza


   Skills:
 + Level 5.1(3.3) Fighting
 + Level 4.5(3.4) Short Blades
 - Level 3.8(3.1) Long Blades
 + Level 3.5(1.8) Armour
 + Level 5.1(3.3) Dodging
 - Level 1.2(0.0) Stealth
 + Level 4.7(3.0) Shields
 + Level 0.2(0.0) Evocations


You had 8 spell levels left.
You didn't know any spells.

Dungeon Overview and Level Annotations

Branches:
Dungeon (7/15)             Temple (1/1) D:6

Altars:
Ashenzari
Cheibriados
Dithmenos
Elyvilon
Fedhas
Gozag
Kikubaaqudgha
Makhleb
Nemelex Xobeh
Okawaru
Pakellas
Qazlal
Ru
Sif Muna
Trog
Vehumet
Xom
Yredelemnul
Zin
The Shining One

Shops:
D:4 *   D:5 *

Annotations:
D:7 namelastname112's ghost, novice DrWn


Innate Abilities, Weirdness & Mutations

You cannot wear boots.
Your serpentine skin is tough (AC +3).
You have supernaturally acute eyesight.
Armour fits poorly on your strangely shaped body.
Your system is resistant to poisons.
You cover ground very slowly.
You have a slow metabolism.
You can spit poison.
Your spells are a little easier to cast, but a little less powerful.


Message History

* * * LOW HITPOINT WARNING * * *
You block namelastname112's ghost's attack.
You miss namelastname112's ghost. The yak closely misses you.
The shadow imp barely misses you.
Namelastname112's ghost breathes negative energy at you.
The bolt of negative energy misses you.
Unknown command.
You barely miss namelastname112's ghost.
You block the yak's attack. The shadow imp misses you.
Namelastname112's ghost barely misses you.
Unknown command.
You miss namelastname112's ghost. The yak gores you.
* * * LOW HITPOINT WARNING * * *
The shadow imp hits you but does no damage.
Namelastname112's ghost closely misses you.
A yak comes into view.
Unknown command.
You hit namelastname112's ghost but do no damage.
The yak gores you!
You die...

#...# ..... ...##
.Y.>. .....
....>#####...#
...Y......#.######
#.....##........#
#[....?#........#
#.......Y@<.....#
#.......W5......#
#.###...........#
.....#.#.......#
..###.._........#
###.#.......#
#...####### #####


You could see 2 yaks, namelastname112's ghost and a shadow imp.

Vanquished Creatures
  The ghost of ilikecats the Changer, an amateur DrTm (D:3)
  Eustachio (D:5)
  A water moccasin (D:6)
  An ice beast (D:6)
  A phantom (D:6)
  A sky beast (D:6)
  2 ogres
  Blork the orc (D:5)
  A big kobold (Sewer)
  A water moccasin skeleton (D:5)
  A howler monkey (D:4)
  2 giant frog zombies
  4 hounds
  A jelly (D:5)
  4 orc wizards
  2 orc priests
  Crazy Yiuf (D:5)
  A giant frog skeleton (D:5)
  An iguana (D:5)
  A worker ant (D:6)
  8 adders
  2 river rats
  A shadow imp (D:6)
  An adder zombie (D:5)
  An adder skeleton (D:5)
  6 worms
  3 dart slugs
  5 giant geckos
  13 orcs
  5 bats
  3 giant cockroaches
  11 goblins
  5 hobgoblins
  10 jackals
  5 kobolds
  3 quokkas
  A ball python (D:3)
  2 giant newts
  A jackal zombie (D:5)
  10 rats
125 creatures vanquished.

Notes
Turn   | Place    | Note
--------------------------------------------------------------
     0 | D:1      | chei the Naga Fighter began the quest for the Orb.
     0 | D:1      | Reached XP level 1. HP: 21/21 MP: 1/1
    77 | D:1      | Found a sparkling altar of Nemelex Xobeh.
   133 | D:1      | Reached XP level 2. HP: 28/28 MP: 2/2
   934 | D:2      | Reached XP level 3. HP: 31/34 MP: 3/3
   935 | D:2      | Found a shimmering altar of Xom.
  1160 | D:2      | Found an ancient bone altar of Kikubaaqudgha.
  1821 | D:3      | Reached XP level 4. HP: 34/42 MP: 4/4
  1964 | D:3      | Noticed ilikecats's ghost (amateur DrTm)
  2155 | D:4      | Reached skill level 1 in Dodging
  2155 | D:4      | Reached XP level 5. HP: 17/49 MP: 5/5
  2458 | D:4      | Found Diefrewo's General Store.
  2472 | D:4      | Bought a potion of curing for 33 gold pieces
  2578 | D:4      | Reached skill level 1 in Short Blades
  2578 | D:4      | Reached XP level 6. HP: 57/57 MP: 6/6
  3123 | D:3      | Found an oddly glowing altar of Pakellas.
  3175 | D:3      | Killed ilikecats's ghost
  3175 | D:3      | Reached XP level 7. HP: 34/64 MP: 7/7
  3386 | D:3      | Reached skill level 1 in Stealth
  3498 | D:5      | Entered Level 5 of the Dungeon
  3498 | D:5      | Found Xiseot's General Store.
  3498 | D:5      | Noticed Blork the orc
  3502 | D:5      | Killed Blork the orc
  3508 | D:5      | Bought a potion of heal wounds for 60 gold pieces
  3735 | D:5      | Found a snail-covered altar of Cheibriados.
  4096 | D:5      | Noticed Eustachio
  4111 | D:5      | Killed Eustachio
  4111 | D:5      | Reached XP level 8. HP: 71/73 MP: 8/8
  4298 | D:5      | Noticed Crazy Yiuf
  4307 | D:5      | Killed Crazy Yiuf
  4533 | D:6      | Found a glowing drain.
  4544 | Sewer    | Entered a sewer
  4638 | Sewer    | Found a glowing silver altar of Zin.
  4791 | D:6      | Found a stormy altar of Qazlal.
  4792 | D:6      | Noticed a water elemental
  4792 | D:6      | Noticed an air elemental
  4806 | D:6      | Gained mutation: Your spells are a little easier to cast, but a little less powerful. [mutagenic meat]
  4866 | D:6      | Found a shadowy altar of Dithmenos.
  4893 | D:6      | Reached skill level 5 in Fighting
  5130 | D:6      | Found a glowing silver altar of Zin.
  5134 | D:6      | Found a radiant altar of Vehumet.
  5136 | D:6      | Found a bloodstained altar of Trog.
  5137 | D:6      | Found a white marble altar of Elyvilon.
  5244 | D:6      | Found a staircase to the Ecumenical Temple.
  5268 | D:6      | Reached skill level 5 in Dodging
  5268 | D:6      | Reached XP level 9. HP: 79/81 MP: 9/9
  5533 | Temple   | Entered the Ecumenical Temple
  5667 | Temple   | Became a worshipper of Warmaster Okawaru
  5702 | D:7      | Found a shattered altar of Ashenzari.
  5702 | D:7      | Noticed namelastname112's ghost (novice DrWn)
  5715 | D:7      | HP: 2/81 [yak (5)]
  5716 | D:7      | Mangled by a yak

Vault maps used:
D:1:      minmay_arrival_open_corners, nemelex_deck
D:2:      kiku_gazebo_pond_becter, xom_teletrap_fun
D:3:      minmay_misc_feat_alley, grunt_pakellas_basics
D:4:      first_bread, serial_shops, shop
D:5:      kennysheep_little_box, serial_shops, shop, uniq_crazy_yiuf_cottage,
          uniq_blork_the_orc, uniq_eustachio
D:6:      nicolae_qazlal_style_of_elements, minitemple,
          minmay_temple_entry_glassed_door, gup_sewer_entry_bubbles,
          grunt_dithmenos_smoke
D:7:      ashenzari_altar_1, serial_shops, nicolae_shop_window_shopping,
          uniq_pikel
Temple:   triangle_lava_temple_12
Sewer:    sewer_kobolds

Skill      XL: |  1  2  3  4  5  6  7  8 |
---------------+-------------------------+-----
Shields        | 3 4 |  4.7
Armour         | 3 |  3.5
Dodging        | 1 2 3 5 |  5.1
Long Blades    | 3 |  3.8
Short Blades   | 1 3 4 |  4.5
Fighting       | 4 5 |  5.1
Stealth        | 1 |  1.2
Evocations     | |  0.2

Action                   |  1- 3 |  4- 6 |  7- 9 || total
-------------------------+-------+-------+-------++-------
Melee: Long sword        |    12 |       |       ||    12
       Short sword       |    74 |   172 |   317 ||   563
 Abil: Spit Poison       |       |     2 |     3 ||     5
Evoke: Wand              |       |       |     2 ||     2
  Use: Potion            |       |     2 |       ||     2
       Scroll            |       |     1 |     9 ||    10
 Stab: Sleeping          |       |     2 |     8 ||    10
  Eat: Chunk             |     1 |     5 |     7 ||    13
       Beef jerky        |       |       |     1 ||     1
